 Dungeon Crawl Stone Soup version 0.23-a0-143-g1adec7b (webtiles) character file.

92180 grindst0ne the Cleaver (level 16, 0/125 HPs)
             Began as a Human Artificer on Sept 6, 2018.
             Was the Champion of Qazlal.
             Slain by a spatial maelstrom (2 damage)
             ... on level 3 of the Abyss.
             The game lasted 01:06:08 (30080 turns).

grindst0ne the Cleaver (Human Artificer)           Turns: 30080, Time: 01:06:08

Health: 0/125      AC: 18    Str: 18    XL:     16   Next: 52%
Magic:  25/25      EV: 12    Int: 16    God:    Qazlal [******]
Gold:   2090       SH: 19    Dex: 17    Spells: 13/15 levels left

rFire    + + +     SeeInvis +   b - +7 hand axe "Gizuced" {chop, rF++ rN+ Stlth+}
rCold    x . .     Gourm    .   O - +0 shield
rNeg     + + .     Faith    +   Y - +0 fire dragon scales
rPois    .         Spirit   .   Q - +0 helmet of the Prince of Darkness {rElec rN+ Str+3}
rElec    +         Reflect  .   E - +1 cloak
rCorr    .         Harm     .   v - +0 pair of gloves
MR       +....                  L - +1 pair of boots
Stlth    +.........             y - amulet of faith
HPRegen  0.30/turn              e - ring of see invisible
MPRegen  0.19/turn              K - +3 ring of dexterity

@: about to teleport, repel missiles
A: no striking features
a: Upheaval, Elemental Force, Disaster Area, Renounce Religion


You were on level 3 of the Abyss.
You worshipped Qazlal.
Qazlal was exalted by your worship.
You were hungry.

You visited 2 branches of the dungeon, and saw 21 of its levels.
You visited the Abyss 1 time.
You also visited: Sewer, Ossuary and Ice Cave.

You collected 2090 gold pieces.

Inventory:

Hand Weapons
 b - the +7 hand axe "Gizuced" (weapon) {chop, rF++ rN+ Stlth+}
   (You found it on level 4 of the Dungeon)

   It inflicts extra damage upon your enemies.
   It greatly protects you from fire.
   It protects you from negative energy.
   It makes you more stealthy.
 P - a +1 scimitar of flaming
Armour
 v - a +0 pair of gloves (worn)
 x - +0 acid dragon scales
 E - a +1 cloak (worn)
 L - a +1 pair of boots (worn)
 O - a +0 shield (worn)
 Q - the +0 helmet of the Prince of Darkness (worn) {rElec rN+ Str+3}
   (You found it on level 10 of the Dungeon)

   It affects your strength (+3).
   It insulates you from electricity.
   It protects you from negative energy.
 W - a +1 chain mail of cold resistance
 Y - +0 fire dragon scales (worn)
Jewellery
 a - an uncursed amulet of rage
 e - a ring of see invisible (left hand)
 y - an amulet of faith (around neck)
 F - an uncursed ring of ice
 K - a +3 ring of dexterity (right hand)
 M - a +5 ring of dexterity
 R - an uncursed ring of resist corrosion
Wands
 c - a wand of flame (33)
 d - a wand of enslavement (14)
 m - a wand of disintegration (22)
 B - a wand of acid (14)
 J - a wand of digging (35)
 S - a wand of polymorph (46)
 Z - a wand of paralysis (6)
Scrolls
 g - 8 scrolls of remove curse
 i - 6 scrolls of fear
 j - 5 scrolls of magic mapping
 k - 4 scrolls of enchant armour
 l - 4 scrolls of fog
 o - 4 scrolls of enchant weapon
 r - a scroll of brand weapon
 s - 9 scrolls of teleportation
 t - 3 scrolls of immolation
 D - 5 scrolls of amnesia
 G - 3 scrolls of holy word
 I - a scroll of identify
Potions
 h - a potion of heal wounds
 n - 3 potions of cancellation
 q - 11 potions of mutation
 u - 3 potions of curing
 w - a potion of agility
 z - 4 potions of brilliance
 C - 5 potions of might
 H - 3 potions of lignification
 N - a potion of magic
 T - 2 potions of resistance
 U - 6 potions of flight
 X - a potion of invisibility
Miscellaneous
 p - a phial of floods
 A - a lamp of fire
Comestibles
 f - 31 rations
 V - 2 chunks of flesh


   Skills:
 - Level 11.0 Fighting
   Level 1.0 Short Blades
 * Level 14.8 Axes
 + Level 8.7 Armour
 + Level 7.3 Dodging
 - Level 1.0 Stealth
 - Level 8.1 Shields
 + Level 12.7 Invocations
 - Level 12.0 Evocations


You had 13 spell levels left.
You knew the following spells:

 Your Spells              Type           Power        Failure   Level  Hunger
a - Passwall              Tmut/Erth      #.......     97%         2    ###....

Your spell library contained the following spells:

 Spells                   Type           Power        Failure   Level  Hunger
 Beastly Appendage        Tmut           #.....       90%         1    ##.....
 Corona                   Hex            #......      90%         1    ##.....
 Magic Dart               Conj           #...         90%         1    ##.....
 Searing Ray              Conj           #.....       97%         2    ###....
 Slow                     Hex            #.......     97%         2    ###....
 Sticks to Snakes         Tmut           #.......     97%         2    ###....
 Sublimation of Blood     Necr           #.........   97%         2    ###....
 Dazzling Spray           Conj/Hex       #.....       99%         3    ####...
 Ignite Poison            Fire/Tmut/Pois #.......     99%         3    ####...
 Inner Flame              Hex/Fire       #.......     99%         3    ####...
 Portal Projectile        Hex/Tloc       #.....       99%         3    ####...
 Spider Form              Tmut/Pois      #.........   99%         3    ####...
 Stone Arrow              Conj/Erth      #.....       99%         3    ####...
 Cause Fear               Hex            #.........   100%        4    #####..
 Force Lance              Conj/Tloc      #.......     100%        4    #####..
 Fulminant Prism          Conj/Hex       #.........   100%        4    #####..
 Ice Form                 Ice/Tmut       #.......     100%        4    #####..
 Iskenderun's Mystic Bla  Conj           #.......     100%        4    #####..
 Leda's Liquefaction      Hex/Erth       #.........   100%        4    #####..
 Petrify                  Tmut/Erth      #.......     100%        4    #####..
 Alistair's Intoxication  Tmut/Pois      #.......     100%        5    ######.
 Blade Hands              Tmut           #.........   100%        5    ######.
 Borgnjor's Vile Clutch   Necr/Erth      #.........   100%        5    ######.
 Fireball                 Conj/Fire      #.........   100%        5    ######.
 Irradiate                Conj/Tmut      #.........   100%        5    ######.
 Bolt of Fire             Conj/Fire      #.........   100%        6    #######
 Hydra Form               Tmut           #.........   100%        6    #######
 Ring of Flames           Chrm/Fire      #.........   100%        7    #######
 Ignition                 Fire           #.........   100%        8    #######


Dungeon Overview and Level Annotations

Branches:
Dungeon (15/15)            Temple (0/1) D:6            Lair (6/6) D:8
 Shoals (0/4) Lair:2        Snake (0/4) Lair:4        Slime (0/5) Lair:5
    Orc (0/2) D:12         Vaults (0/5) D:13
 Depths: D:15

Altars:
Ashenzari
Dithmenos
Hepliaklqana
Kikubaaqudgha
Qazlal
Trog
Vehumet
Xom
Beogh
Jiyva

Annotations:
D:8 3 runed doors
Lair:4 exclusion: downstairs


Message History

A spatial vortex comes into view.
You block the spatial vortex's attack.
You block the spatial maelstrom's attack.
The spatial maelstrom hits you. Space bends around you.
* * * LOW HITPOINT WARNING * * *
As you read the scroll of teleportation, it crumbles to dust.
You feel strangely unstable.
You feel the power of the Abyss delaying your translocation!
The unseen horror closely misses you. You block the spatial vortex's attack.
The spatial maelstrom hits you.
* * * LOW HITPOINT WARNING * * *
Space warps horribly around you!
* * * LOW HITPOINT WARNING * * *
The spatial maelstrom hits you!
* * * LOW HITPOINT WARNING * * *
Space bends around you.
* * * LOW HITPOINT WARNING * * *
You block the spatial maelstrom's attack.
The spatial maelstrom hits you.
You die...

## #### # #####
..... .####≈#.##
#§..v.###...§#.# .#
..v....#.@.## ###
##....# ##vxv## #.
#..##....##..v.#
#.. #..
##.....vX####..
#.#.#.#.#..v..##.#
..##...###v......#.
.. #
.#....##...#..#
#.#..###.#v#...#..#
# .# ..##.v .### ##


You could see a spatial maelstrom, 5 spatial vortices, a large abomination and
an unseen horror (invisible).

Vanquished Creatures
  An acid blob (Lair:5)
  The ghost of Bugas the Nimble, a journeyman HaHu of Dithmenos (D:14)
  The ghost of Dudiycywn the Unseen, a journeyman HaGl of Dithmenos (Lair:5)
  Azrael (D:14)
  An ettin (D:14)
  2 fire dragons
  Fannar (Lair:1)
  A vault guard (D:13)
  Erolcha (D:10)
  9 hydras
  5 centaur warriors
  5 two-headed ogres
  2 ogre magi
  Urug (Lair:3)
  8 skeletal warriors
  Nergalle (D:11)
  3 unseen horrors
  A lindwurm (Lair:6)
  A deep elf mage (D:14)
  2 cyclopes
  An ugly thing (D:12)
  3 oklob plants (Lair:2)
  A cyclops (shapeshifter) (D:14)
  4 elephants
  A merfolk siren (Lair:2)
  Maurice (D:12)
  2 centaur zombies (D:13)
  An ice statue (IceCv)
  3 black mambas
  6 torpor snails (Lair:6)
  A gargoyle (D:12)
  8 spiny frogs
  A kobold demonologist (D:8)
  3 rime drakes
  3 komodo dragons
  A yaktaur (D:14)
  2 ice devils (Lair:4)
  3 meliai
  A queen bee (shapeshifter) (D:14)
  A queen bee (D:13)
  4 tyrant leeches (Lair:6)
  9 hornets
  23 polar bears
  5 hippogriffs
  Prince Ribbit (Lair:2)
  4 raiju (Lair:6)
  11 slime creatures (D:12)
  14 blink frogs
  A meliai zombie (D:14)
  2 shadows (D:14)
  2 spriggans (Lair:5)
  2 wraiths
  3 wyverns
  4 fire elementals (D:14)
  Grum (D:10)
  A redback simulacrum (D:15)
  5 hungry ghosts
  10 vampire mosquitoes
  61 yaks
  3 basilisks
  4 wargs (Lair:6)
  A steam dragon (Lair:3)
  3 insubstantial wisps (Lair:2)
  A swamp drake (Lair:2)
  3 acid dragons
  15 hell hounds
  4 porcupines
  10 water moccasins
  4 ice beasts
  6 orc warriors
  A phantom (D:8)
  13 black bears
  An eye of draining (D:11)
  A boggart (Lair:5)
  14 centaurs
  6 ogres
  40 wolves
  13 crocodiles
  2 big kobolds (D:9)
  A gnoll sergeant (D:7)
  17 bullfrogs
  A water moccasin zombie (D:8)
  8 scorpions
  20 wights
  21 killer bees
  An electric eel (Lair:1)
  7 howler monkeys
  7 crimson imps
  A bullfrog zombie (D:12)
  A human zombie (D:7)
  5 jellies
  4 hounds
  14 orc wizards
  6 bullfrog skeletons
  3 centaur skeletons
  3 orc priests (D:12)
  2 human skeletons (D:7)
  An iguana (D:12)
  7 worker ants
  A hound zombie (D:9)
  8 mummies (Ossuary)
  6 gnolls (D:7)
  10 adders
  9 shadow imps
  3 oozes
  2 adder skeletons
  6 worms
  6 dart slugs
  9 leopard geckos
  55 orcs
  10 giant cockroaches
  10 hobgoblins
  25 jackals
  21 kobolds
  5 quokkas
  10 ball pythons
  11 bats
  8 frilled lizards
  2 gnoll zombies (Ossuary)
  7 goblins
  4 hobgoblin zombies (Ossuary)
  3 orc skeletons (D:7)
  2 orc zombies (Ossuary)
  A quokka zombie (D:8)
  15 rats
  3 fungi
  A plant (Lair:6)
786 creatures vanquished.

Vanquished Creatures (collateral kills)
  A frost giant (IceCv)
  A polar bear (IceCv)
2 creatures vanquished.

Vanquished Creatures (others)
  A wolf (IceCv)
  An orc (D:12)
  12 fungi
  47 plants
61 creatures vanquished.

Grand Total: 849 creatures vanquished

Notes
Turn   | Place    | Note
-------+----------+-------------------------------------------
     0 | D:1      | grindst0ne the Human Artificer began the quest for the Orb.
     0 | D:1      | Reached XP level 1. HP: 15/15 MP: 3/3
   298 | D:1      | Reached XP level 2. HP: 21/21 MP: 4/4
   522 | D:1      | Reached XP level 3. HP: 24/27 MP: 5/5
  1376 | D:2      | Reached XP level 4. HP: 34/34 MP: 6/6
  1436 | D:2      | Found a stormy altar of Qazlal.
  1548 | D:2      | Became a worshipper of Qazlal Stormbringer
  1802 | D:2      | Noticed an ogre
  2005 | D:2      | Killed an ogre
  2005 | D:2      | Reached skill level 1 in Invocations
  2005 | D:2      | Reached XP level 5. HP: 3/41 MP: 8/8
  2020 | D:2      | HP: 2/41 [jackal (3)]
  2272 | D:2      | Reached XP level 6. HP: 30/47 MP: 9/9
  2410 | D:3      | Found a bloodstained altar of Trog.
  2445 | D:3      | Reached * piety under Qazlal
  2462 | D:3      | Noticed an ogre
  2468 | D:3      | Killed an ogre
  2498 | D:3      | Found a radiant altar of Vehumet.
  2794 | D:3      | Reached skill level 5 in Evocations
  2837 | D:3      | Found a glowing drain.
  2860 | Sewer    | Entered a sewer
  3736 | D:3      | Reached ** piety under Qazlal
  4271 | D:4      | Reached XP level 7. HP: 49/54 MP: 10/10
  4405 | D:4      | Got a jewelled hand axe
  4406 | D:4      | Identified the +7 hand axe "Gizuced" {chop, rF++ rN+
                  | Stlth+} (You found it on level 4 of the Dungeon)
  4899 | D:5      | Entered Level 5 of the Dungeon
  4933 | D:5      | Reached skill level 1 in Armour
  5622 | D:6      | Found a staircase to the Ecumenical Temple.
  5665 | D:6      | Noticed a water moccasin
  5671 | D:6      | Killed a water moccasin
  5671 | D:6      | Reached XP level 8. HP: 59/61 MP: 12/12
  5721 | D:6      | Reached skill level 5 in Fighting
  6091 | D:6      | Reached *** piety under Qazlal
  6677 | D:7      | Reached skill level 5 in Invocations
  6751 | D:7      | Reached XP level 9. HP: 38/69 MP: 13/13
  6979 | D:7      | Found a sand-covered staircase.
  6991 | Ossuary  | Entered an ossuary
  7012 | Ossuary  | Reached skill level 1 in Axes
  7435 | D:7      | Reached skill level 2 in Axes
  7466 | D:7      | Reached **** piety under Qazlal
  8050 | D:8      | Reached skill level 3 in Axes
  8079 | D:8      | Noticed a hippogriff
  8293 | D:8      | Killed a hippogriff
  8293 | D:8      | Reached skill level 5 in Armour
  8368 | D:8      | Noticed a komodo dragon
  8572 | D:8      | Killed a komodo dragon
  8572 | D:8      | Reached XP level 10. HP: 61/77 MP: 15/15
  8578 | D:8      | Reached skill level 4 in Axes
  8578 | D:8      | Reached skill level 1 in Shields
  8613 | D:8      | Found a staircase to the Lair.
  8733 | D:8      | Found a hazy altar of Hepliaklqana.
  8763 | D:8      | Found a shattered altar of Ashenzari.
  8896 | D:8      | Found a shadowy altar of Dithmenos.
  8912 | D:8      | Found an ancient bone altar of Kikubaaqudgha.
  8936 | D:8      | Noticed a two-headed ogre
  8945 | D:8      | Killed a two-headed ogre
  8945 | D:8      | Reached skill level 5 in Axes
  9397 | D:8      | Found a runed gate.
  9398 | D:8      | Found a runed gate.
  9399 | D:8      | Found a runed gate.
  9400 | D:8      | Noticed a brown ugly thing
  9401 | D:8      | Noticed a purple ugly thing
  9401 | D:8      | Noticed a cyan ugly thing
  9404 | D:8      | Noticed a green ugly thing
  9461 | D:8      | Noticed a kobold demonologist
  9467 | D:8      | Killed a kobold demonologist
 10183 | D:9      | Reached skill level 6 in Axes
 10714 | D:10     | Entered Level 10 of the Dungeon
 10835 | D:10     | Killed an unseen horror
 10835 | D:10     | Reached XP level 11. HP: 27/86 MP: 17/17
 11024 | D:10     | Noticed Erolcha
 11026 | D:10     | Paralysed by Erolcha for 5 turns
 11031 | D:10     | Killed Erolcha
 11031 | D:10     | Reached skill level 7 in Axes
 11041 | D:10     | Got a spiked helmet
 11078 | D:10     | Identified the +0 helmet of the Prince of Darkness {rElec
                  | rN+ Str+3} (You found it on level 10 of the Dungeon)
 11326 | D:10     | Found a shimmering altar of Xom.
 11373 | D:10     | Reached ***** piety under Qazlal
 11430 | D:10     | Noticed Grum
 11438 | D:10     | Killed Grum
 11985 | D:11     | Reached skill level 8 in Axes
 12179 | D:11     | Noticed Nergalle
 12180 | D:11     | Noticed a fire dragon
 12198 | D:11     | Killed a fire dragon
 12198 | D:11     | Reached skill level 5 in Shields
 12206 | D:11     | Killed Nergalle
 12206 | D:11     | Reached XP level 12. HP: 62/94 MP: 18/18
 12864 | Lair:1   | Entered Level 1 of the Lair of Beasts
 13366 | Lair:1   | Noticed Fannar
 13379 | Lair:1   | Reached skill level 9 in Axes
 13399 | Lair:1   | Killed Fannar
 14107 | Lair:2   | Noticed a five-headed hydra
 14131 | Lair:2   | Killed a five-headed hydra
 14773 | Lair:2   | Noticed Prince Ribbit
 14781 | Lair:2   | Killed Prince Ribbit
 14781 | Lair:2   | Reached skill level 10 in Axes
 15036 | Lair:2   | Found a staircase to the Shoals.
 15128 | Lair:2   | Reached XP level 13. HP: 101/101 MP: 20/20
 15522 | Lair:3   | Noticed Urug
 15529 | Lair:3   | Reached skill level 10 in Evocations
 15547 | Lair:3   | Killed Urug
 16667 | Lair:4   | Reached skill level 11 in Axes
 16685 | Lair:4   | Reached skill level 10 in Fighting
 16700 | Lair:4   | Reached skill level 10 in Invocations
 16701 | Lair:4   | Noticed a five-headed hydra
 16715 | Lair:4   | Killed a five-headed hydra
 16755 | Lair:4   | Noticed a seven-headed hydra
 16758 | Lair:4   | Killed a seven-headed hydra
 16799 | Lair:4   | Found a staircase to the Snake Pit.
 16984 | Lair:4   | HP: 5/103 [ice devil (5)]
 16985 | Lair:4   | Found a frozen archway.
 16989 | IceCv    | Entered an ice cave
 17036 | IceCv    | Reached ****** piety under Qazlal
 17801 | IceCv    | Noticed a frost giant
 17810 | IceCv    | Killed a frost giant
 17810 | IceCv    | Reached XP level 14. HP: 55/111 MP: 22/22
 19329 | Lair:4   | Reached skill level 12 in Axes
 20441 | Lair:5   | Found a runed door.
 20442 | Lair:5   | Found a viscous altar of Jiyva.
 20442 | Lair:5   | Noticed an acid blob
 20444 | Lair:5   | Found a staircase to the Slime Pits.
 20486 | Lair:5   | Killed an acid blob
 20505 | Lair:5   | Found a runed door.
 20738 | Lair:5   | Noticed Dudiycywn's ghost (journeyman HaGl)
 20990 | Lair:5   | Killed Dudiycywn's ghost
 21017 | Lair:6   | Entered Level 6 of the Lair of Beasts
 21393 | Lair:6   | Found a runed door.
 21957 | Lair:6   | Reached XP level 15. HP: 68/118 MP: 23/23
 22164 | Lair:6   | Reached skill level 13 in Axes
 22817 | Lair:6   | Reached skill level 5 in Dodging
 24861 | D:12     | Found a roughly hewn altar of Beogh.
 24861 | D:12     | Found a staircase to the Orcish Mines.
 25050 | D:12     | Identified Sif Muna's Collected Works on Changing and
                  | Stones
 25063 | D:12     | Learned a level 2 spell: Passwall
 25520 | D:13     | Noticed Maurice
 25818 | D:12     | Killed Maurice
 26447 | D:13     | Reached skill level 14 in Axes
 26460 | D:13     | Found a gate to the Vaults.
 27007 | D:13     | Reached XP level 16. HP: 48/125 MP: 25/25
 27547 | D:14     | Found a large runed door.
 27547 | D:14     | Noticed Bugas's ghost (journeyman HaHu)
 27553 | D:14     | Found a large runed door.
 27636 | D:14     | Killed Bugas's ghost
 28103 | D:14     | Noticed Azrael
 28135 | D:14     | Killed Azrael
 28668 | D:15     | Entered Level 15 of the Dungeon
 30023 | D:15     | Cast into level 3 of the Abyss (a wizard)
 30079 | Abyss:3  | HP: 6/125 [spatial maelstrom (8)]
 30079 | Abyss:3  | HP: 2/125 [spatial maelstrom (4)]
 30080 | Abyss:3  | Slain by a spatial maelstrom

Vault maps used:
D:1:      elethiomel_arrival_quiet
D:2:      old_standard_altar, minmay_joined_circles
D:3:      nicolae_overflow_crystal_walls, portal_sewer_entry_e, first_ration,
          trog_book
D:6:      minmay_temple_entry_mist, kennysheep_generic_room_11
D:7:      nicolae_ossuary_entry_catacombs, hex_large, grunt_tough_drop
D:8:      minmay_diamond_stairs, lemuel_coloured_pillars_altar,
          kiku_gazebo_garden_becter, kennysheep_mini_moat, kennysheep_mini,
          david_lair_shrubbed, ploomutoo_gammafunk_ghost_potion_laboratory
D:10:     basic_altar, uniq_erolcha, uniq_grum
D:11:     uniq_nergalle
D:12:     david_orc_5
D:13:     david_vaults_5, david_nohive_1, uniq_maurice
D:14:     hangedman_decor_cross_pass, ebering_ghost_disaster_area, uniq_azrael
D:15:     hangedman_depths_entry_civil_slaughter, grunt_decor_one_mirror,
          fedhas_altar_2
Lair:1:   grunt_forest_small_clearings, serial_bayou_lake_a, uniq_fannar
Lair:2:   elwin_shoals_entry_rooms, pond, minmay_lair_oklob_chamber,
          grunt_megastairs_3, uniq_prince_ribbit2
Lair:3:   uniq_urug
Lair:4:   dummy_snake_entry, portal_ice_cave_demonic_guard
Lair:5:   slime_altar_2, ebering_ghost_funeral_grove, grunt_megastairs_2
Lair:6:   hangedman_lair_caniforms_friends, wormcave
Sewer:    sewer_co_scattered_pipes
Ossuary:  ossuary_tomb_3
IceCv:    ice_cave_small_giant

Skill      XL: |  1  2  3  4  5  6  7  8  9 10 11 12 13 14 15 16 |
---------------+-------------------------------------------------+-----
Fighting       | 2 3 4 5 6 7 8 9 10 11 | 11.0
Evocations     | 4 5 6 7 8 9 10 11 12 | 12.0
Invocations    | 1 2 3 5 6 7 8 9 10 11 12 | 12.7
Armour         | 2 3 5 6 7 8 |  8.7
Axes           | 3 6 8 10 11 12 14 | 14.8
Shields        | 3 5 6 8 |  8.1
Dodging        | 4 6 7 |  7.3
Short Blades   | |  1.0
Stealth        | |  1.0

Action                   |  1- 3 |  4- 6 |  7- 9 | 10-12 | 13-15 | 16-18 || total
-------------------------+-------+-------+-------+-------+-------+-------++-------
Melee: Short sword       |    58 |       |       |       |       |       ||    58
       Spear             |    57 |   322 |       |       |       |       ||   379
       War axe           |       |     6 |     8 |       |       |       ||    14
       Hand axe          |       |       |   304 |   517 |  1340 |   270 ||  2431
       Flail             |       |       |       |       |    16 |       ||    16
       Scimitar          |       |       |       |       |       |     4 ||     4
 Abil: Evoke Berserk Rag |       |       |       |       |     1 |       ||     1
Evoke: Wand              |       |    10 |     3 |    34 |    47 |     6 ||   100
  Use: Scroll            |       |     1 |     9 |    12 |     9 |     5 ||    36
       Potion            |       |       |     2 |     7 |     7 |       ||    16
 Stab: Sleeping          |     1 |       |       |       |       |       ||     1
       Paralysed         |       |       |     3 |     9 |     9 |     6 ||    27
       Distracted        |       |       |       |       |     1 |       ||     1
  Eat: Chunk             |     2 |    10 |    10 |    20 |    31 |     6 ||    79
       Ration            |       |       |     3 |     2 |     3 |     1 ||     9
Armor: Leather armour    |    17 |       |       |       |       |       ||    17
       Ring mail         |    10 |       |       |       |       |       ||    10
       Scale mail        |     5 |   138 |   127 |    22 |       |       ||   292
       Acid dragon scale |       |       |       |    95 |   114 |       ||   209
       Chain mail        |       |       |       |       |   180 |       ||   180
       Fire dragon scale |       |       |       |       |   106 |   112 ||   218
Dodge: Dodged            |    73 |   186 |   159 |   143 |   346 |    97 ||  1004
       Deflected         |       |       |       |     8 |    23 |    11 ||    42
Block: Other             |       |    15 |    44 |    27 |       |       ||    86
       Shield            |       |       |       |   326 |  1256 |   263 ||  1845
       Rpst.: Scimitar   |       |       |       |       |       |     2 ||     2

Table legend:
 A = Non-vault XP
 B = Vault XP
 C = Vault XP percentage of total XP
 D = Non-vault monster count
 E = Vault monster count
 F = Vault count percentage of total count
                 A         B        C        D         E       F
            +---------+---------+-------+---------+---------+-------
      Total |   76850 |   54837 |  41.6 |     517 |     267 |  34.1
            +---------+---------+-------+---------+---------+-------
        D:1 |      64 |       0 |   0.0 |      31 |       0 |   0.0
        D:2 |      69 |     138 |  66.7 |      22 |      10 |  31.2
        D:3 |     169 |      29 |  14.6 |      29 |       9 |  23.7
        D:4 |      23 |       0 |   0.0 |       9 |       0 |   0.0
        D:5 |     317 |       0 |   0.0 |      12 |       0 |   0.0
        D:6 |     715 |       0 |   0.0 |      28 |       0 |   0.0
        D:7 |    1100 |     332 |  23.2 |      21 |       9 |  30.0
        D:8 |    2730 |    1119 |  29.1 |      22 |       9 |  29.0
        D:9 |     602 |       0 |   0.0 |      17 |       0 |   0.0
       D:10 |    3681 |    1645 |  30.9 |      34 |       6 |  15.0
       D:11 |    2589 |     777 |  23.1 |      25 |       1 |   3.8
       D:12 |    8546 |     765 |   8.2 |      59 |      21 |  26.2
       D:13 |   10957 |    2167 |  16.5 |      34 |      16 |  32.0
       D:14 |   10432 |    7483 |  41.8 |      40 |      13 |  24.5
       D:15 |    2598 |     867 |  25.0 |       7 |       1 |  12.5
     Lair:1 |    1895 |    1049 |  35.6 |       9 |       1 |  10.0
     Lair:2 |    4124 |    4555 |  52.5 |      20 |      19 |  48.7
     Lair:3 |    4829 |     824 |  14.6 |      26 |       1 |   3.7
     Lair:4 |    9527 |     665 |   6.5 |      27 |       2 |   6.9
     Lair:5 |    4714 |    4868 |  50.8 |      16 |       8 |  33.3
     Lair:6 |    7169 |   18166 |  71.7 |      29 |      74 |  71.8
      Sewer |       0 |      39 | 100.0 |       0 |      16 | 100.0
    Ossuary |       0 |     153 | 100.0 |       0 |      16 | 100.0
      IceCv |       0 |    9196 | 100.0 |       0 |      35 | 100.0
            +---------+---------+-------+---------+---------+-------
